cohdb
Replays
Latest Replays
All Replays
Popular Replays
Top Player Replays
Match Explorer
How It Works
Community
CoH3 Stats
Reddit
Sign in to upload your games and track your stats! →
Sign in with Steam
Match 45373674
Unlisted
Match 45373674
Overview
Messages
Build Orders
End
Kradschützen Motorcycle Team
Selects Italian Infantry
Panzerpioneer Squad
Panzergrenadier Squad
Construct Light Support Kompanie
Fire Support Elements
Selects Defensive Operations
Combat Half-tracks
Pak 38 Mechanized Group
Construct Panzerarmee Kommand
Selects Guastatori Squad
Guastatori Squad
Selects Registered Artillery
Walking Stuka Rocket Launcher
Pak 38 Mechanized Group
Walking Stuka Rocket Launcher
Selects Prepared Positions
Flak 36 Anti-tank Gun Team
Registered Artillery
Walking Stuka Rocket Launcher
Selects Obice 305mm Barrage
Obice 305mm Barrage
Walking Stuka Rocket Launcher
2.5-tonne Medical Truck
Obice 305mm Barrage
Selects Towed Cannone da 105/28 Field Howitzer
magazinwastaken
nicolasgps
喜羊羊
JägeR
ziru
potatoo
吃着西瓜弹棉花
benmonty26
0
0
Comments
sign in to comment!
No comments posted yet!